2158 views
Uploaded 2023-10-25 00:44:36
Game version 1.36 (6115)
22:42 long 2on2 ladder game on (4)Synergy_S2
Saved by GIGA
2158 views
Uploaded 2023-10-25 00:44:36
Game version 1.36 (6115)
22:42 long 2on2 ladder game on (4)Synergy_S2


90 units @ 9.9k
/ 1k
40 buildings @ 7k
/ 3k

| Dust of Appearance | 2 | 150 |
| Scroll of Town Portal | 1 | 350 |
| Potion of Invulnerability | 1 | 400 |
| total: | 4 | 900g |
| Wisp | 21 | 1260 | / | 0 |
| Archer | 6 | 780 | / | 60 |
| Huntress | 8 | 1560 | / | 160 |
| Mountain Giant | 3 | 1050 | / | 300 |
| Dryad | 1 | 145 | / | 60 |
| Druid of the Claw | 1 | 255 | / | 80 |
| total: | 40 | 5050g | / | 660w |
| Ancient Protector | 3 | 405 | / | 240 |
| Altar of Elders | 1 | 180 | / | 50 |
| Moon Well | 8 | 1440 | / | 320 |
| Ancient of War | 2 | 300 | / | 120 |
| Hunter's Hall | 1 | 210 | / | 100 |
| Ancient of Wonders | 1 | 90 | / | 30 |
| Tree of Life | 1 | 340 | / | 185 |
| Ancient of Lore | 2 | 310 | / | 290 |
| Tree of Ages | 1 | 320 | / | 180 |
| Tree of Eternity | 2 | 660 | / | 400 |
| total: | 19 | 3275g | / | 1335w |
| 0:05 | Altar of Elders |
| 0:08 | Moon Well |
| 0:09 | Wisp |
| 0:18 | Wisp |
| 0:33 | Wisp |
| 0:43 | Ancient of War |
| 0:47 | Wisp |
| 0:59 | Wisp |
| 1:08 | Wisp |
| 1:19 | Wisp |
| 1:29 | Moon Well |
| 1:38 | Wisp |
| 1:44 | Archer |
| 2:07 | Moon Well |
| 2:21 | Archer |
| 2:28 | Ancient of War |
| 2:31 | Entangling Roots |
| 2:44 | Archer |
| 3:36 | Archer |
| 3:39 | Hunter's Hall |
| 3:50 | Moon Well |
| 3:57 | Ancient of Wonders |
| 4:57 | Huntress |
| 5:47 | Huntress |
| 6:07 | Force of Nature |
| 6:13 | Tree of Ages |
| 6:21 | Huntress |
| 6:38 | Strength of the Moon |
| 7:15 | Huntress |
| 8:00 | Moon Armor |
| 8:03 | Huntress |
| 8:05 | Huntress |
| 8:43 | Huntress |
| 8:46 | Huntress |
| 8:54 | Ancient of Lore |
| 10:05 | Ancient of Lore |
| 10:07 | Wisp |
| 10:07 | Wisp |
| 10:07 | Wisp |
| 10:07 | Wisp |
| 10:12 | Druid of the Claw Adept Training |
| 10:54 | Mountain Giant |
| 11:03 | Dust of Appearance |
| 11:07 | Scroll of Town Portal |
| 11:36 | Moon Well |
| 11:45 | Tree of Eternity |
| 12:22 | Wisp |
| 12:22 | Wisp |
| 12:22 | Wisp |
| 12:33 | Dryad |
| 13:10 | Wisp |
| 13:10 | Wisp |
| 13:42 | Moon Well |
| 13:43 | Tree of Eternity |
| 13:46 | Entangling Roots |
| 13:56 | Potion of Invulnerability |
| 14:13 | Ancient Protector |
| 15:27 | Mountain Giant |
| 15:29 | Mountain Giant |
| 15:58 | Reinforced Hides |
| 16:16 | Dust of Appearance |
| 16:36 | Tree of Life |
| 16:50 | Druid of the Claw Master Training |
| 17:11 | Moon Well |
| 17:14 | Moon Well |
| 18:42 | Mark of the Claw |
| 18:46 | Druid of the Claw |
| 19:14 | Ancient Protector |
| 19:35 | Wisp |
| 19:35 | Wisp |
| 20:08 | Archer |
| 20:21 | Wisp |
| 20:45 | Wisp |
| 20:54 | Ancient Protector |
| 21:07 | Archer |
| Right click | 1700 |
| Select group | 665 |
| Select | 311 |
| Build/train/purchase | 67 |
| Misc. action | 31 |
| Use ability | 26 |
| Assign group | 18 |
| Minimap ping | 4 |
โ
d0mz
(22:32) : 

| Scroll of Healing | 1 | 250 |
| total: | 1 | 250g |
| Wisp | 28 | 1680 | / | 0 |
| Archer | 13 | 1690 | / | 130 |
| Glaive Thrower | 1 | 210 | / | 65 |
| Hippogryph | 5 | 800 | / | 100 |
| Druid of the Talon | 1 | 145 | / | 20 |
| Faerie Dragon | 2 | 310 | / | 50 |
| total: | 50 | 4835g | / | 365w |
| Ancient Protector | 4 | 540 | / | 320 |
| Altar of Elders | 1 | 180 | / | 50 |
| Moon Well | 8 | 1440 | / | 320 |
| Ancient of War | 1 | 150 | / | 60 |
| Ancient of Wonders | 1 | 90 | / | 30 |
| Hunter's Hall | 1 | 210 | / | 100 |
| Tree of Life | 2 | 680 | / | 370 |
| Ancient of Wind | 3 | 450 | / | 420 |
| Tree of Ages | 1 | 320 | / | 180 |
| Tree of Eternity | 1 | 330 | / | 200 |
| total: | 21 | 3740g | / | 1670w |
| 0:05 | Altar of Elders |
| 0:06 | Wisp |
| 0:07 | Wisp |
| 0:07 | Wisp |
| 0:22 | Moon Well |
| 0:27 | Wisp |
| 0:38 | Ancient of War |
| 0:43 | Wisp |
| 1:14 | Wisp |
| 1:35 | Wisp |
| 1:36 | Wisp |
| 1:39 | Moon Well |
| 1:42 | Archer |
| 2:02 | Wisp |
| 2:12 | Entangling Roots |
| 2:25 | Ancient of Wonders |
| 2:31 | Moon Well |
| 2:33 | Wisp |
| 2:35 | Archer |
| 3:12 | Archer |
| 3:35 | Hunter's Hall |
| 3:37 | Tree of Ages |
| 3:52 | Archer |
| 4:08 | Archer |
| 5:02 | Glaive Thrower |
| 5:09 | Ancient Protector |
| 5:14 | Moon Well |
| 6:14 | Wisp |
| 6:14 | Wisp |
| 6:14 | Wisp |
| 6:20 | Tree of Life |
| 6:23 | Ancient Protector |
| 6:23 | Ancient Protector |
| 6:27 | Wisp |
| 6:41 | Ancient Protector |
| 6:48 | Improved Bows |
| 7:04 | Force of Nature |
| 7:10 | Archer |
| 7:55 | Trueshot Aura |
| 7:59 | Archer |
| 8:03 | Ancient of Wind |
| 8:05 | Ancient of Wind |
| 8:13 | Wisp |
| 8:13 | Wisp |
| 8:16 | Ancient of Wind |
| 9:03 | Archer |
| 10:04 | Hippogryph |
| 10:05 | Druid of the Talon |
| 10:07 | Archer |
| 10:13 | Wisp |
| 10:13 | Wisp |
| 10:13 | Wisp |
| 10:13 | Wisp |
| 10:18 | Wisp |
| 10:43 | Wisp |
| 10:54 | Hippogryph |
| 11:11 | Wisp |
| 11:14 | Archer |
| 11:23 | Moon Well |
| 11:49 | Scroll of Healing |
| 12:22 | Faerie Dragon |
| 12:26 | Archer |
| 12:29 | Strength of the Moon |
| 12:31 | Moon Armor |
| 12:50 | Scout |
| 13:35 | Entangling Roots |
| 13:45 | Tree of Eternity |
| 13:47 | Hippogryph |
| 13:50 | Archer |
| 13:52 | Hippogryph |
| 14:23 | Improved Strength of the Moon |
| 14:35 | Moon Well |
| 14:37 | Moon Well |
| 15:10 | Improved Moon Armor |
| 16:17 | Trueshot Aura |
| 16:33 | Hippogryph |
| 16:35 | Archer |
| 16:35 | Marksmanship |
| 16:37 | Advanced Strength of the Moon |
| 16:40 | Wisp |
| 16:40 | Wisp |
| 17:11 | Wisp |
| 17:11 | Wisp |
| 17:11 | Wisp |
| 17:14 | Moon Well |
| 17:19 | Druid of the Talon Adept Training |
| 17:28 | Faerie Dragon |
| 18:49 | Advanced Moon Armor |
| 20:12 | Tree of Life |
| Right click | 1437 |
| Select group | 879 |
| Select | 384 |
| Build/train/purchase | 93 |
| Assign group | 39 |
| Use ability | 28 |
| Resource trade | 26 |
| Misc. action | 25 |
| Minimap ping | 3 |
| Remove unit | 2 |
| Item give/drop | 1 |
| Esc | 1 |
53 units @ 5.7k
/ 0.8k
77 buildings @ 5.9k
/ 2.8k


| Mechanical Critter | 2 | 100 |
| Staff of Sanctuary | 1 | 250 |
| Orb of Fire | 1 | 325 |
| Healing Salve | 1 | 100 |
| Scroll of Speed | 1 | 50 |
| total: | 6 | 825g |
| Peasant | 14 | 1050 | / | 0 |
| Footman | 2 | 270 | / | 0 |
| Mortar Team | 3 | 540 | / | 210 |
| Flying Machine | 14 | 1400 | / | 420 |
| total: | 33 | 3260g | / | 630w |
| Scout Tower | 38 | 1140 | / | 760 |
| Arcane Tower | 1 | 70 | / | 50 |
| Guard Tower | 14 | 980 | / | 700 |
| Altar of Kings | 2 | 360 | / | 100 |
| Farm | 13 | 1040 | / | 260 |
| Barracks | 1 | 160 | / | 60 |
| Lumber Mill | 1 | 120 | / | 0 |
| Arcane Vault | 1 | 130 | / | 30 |
| Blacksmith | 1 | 140 | / | 60 |
| Cannon Tower | 4 | 480 | / | 400 |
| Workshop | 3 | 420 | / | 420 |
| Keep | 1 | 320 | / | 210 |
| Castle | 1 | 360 | / | 210 |
| total: | 60 | 3510g | / | 1690w |
| 0:02 | Peasant |
| 0:04 | Altar of Kings |
| 0:06 | Altar of Kings |
| 0:07 | Peasant |
| 0:18 | Farm |
| 0:21 | Barracks |
| 0:22 | Peasant |
| 0:38 | Peasant |
| 0:49 | Peasant |
| 0:55 | Farm |
| 0:56 | Farm |
| 0:58 | Peasant |
| 1:15 | Peasant |
| 1:28 | Footman |
| 1:34 | Scout Tower |
| 1:38 | Peasant |
| 1:45 | Footman |
| 1:59 | Scout Tower |
| 2:00 | Arcane Tower |
| 2:03 | Peasant |
| 2:06 | Storm Bolt |
| 2:20 | Lumber Mill |
| 2:25 | Peasant |
| 3:11 | Farm |
| 3:33 | Guard Tower |
| 3:35 | Scout Tower |
| 3:35 | Scout Tower |
| 3:40 | Scout Tower |
| 3:49 | Peasant |
| 3:49 | Peasant |
| 3:55 | Scout Tower |
| 3:56 | Scout Tower |
| 3:57 | Scout Tower |
| 3:57 | Scout Tower |
| 3:59 | Peasant |
| 4:22 | Bash |
| 4:34 | Guard Tower |
| 5:05 | Arcane Vault |
| 5:08 | Peasant |
| 5:16 | Scout Tower |
| 5:16 | Scout Tower |
| 5:23 | Keep |
| 5:27 | Improved Lumber Harvesting |
| 5:28 | Improved Masonry |
| 5:46 | Farm |
| 5:55 | Guard Tower |
| 5:57 | Scout Tower |
| 5:57 | Scout Tower |
| 6:04 | Blacksmith |
| 6:21 | Guard Tower |
| 6:53 | Guard Tower |
| 6:57 | Scout Tower |
| 6:57 | Scout Tower |
| 7:00 | Scout Tower |
| 7:01 | Scout Tower |
| 7:01 | Scout Tower |
| 7:02 | Scout Tower |
| 7:08 | Healing Salve |
| 7:18 | Black Gunpowder |
| 7:45 | Workshop |
| 7:58 | Guard Tower |
| 8:05 | Castle |
| 8:12 | Guard Tower |
| 8:29 | Scout Tower |
| 8:30 | Scout Tower |
| 8:34 | Mortar Team |
| 8:41 | Guard Tower |
| 9:01 | Workshop |
| 9:10 | Holy Light |
| 9:49 | Guard Tower |
| 9:51 | Scout Tower |
| 9:51 | Scout Tower |
| 9:56 | Mortar Team |
| 9:57 | Mortar Team |
| 10:03 | Advanced Lumber Harvesting |
| 10:27 | Guard Tower |
| 10:43 | Guard Tower |
| 10:50 | Flying Machine Bombs |
| 11:00 | Flak Cannons |
| 11:01 | Refined Gunpowder |
| 11:02 | Workshop |
| 11:06 | Fragmentation Shards |
| 11:07 | Flare |
| 11:27 | Storm Bolt |
| 12:19 | Farm |
| 12:19 | Farm |
| 12:20 | Farm |
| 12:21 | Farm |
| 12:23 | Farm |
| 12:24 | Farm |
| 12:26 | Farm |
| 12:27 | Farm |
| 12:31 | Imbued Gunpowder |
| 12:32 | Iron Plating |
| 12:44 | Divine Shield |
| 13:16 | Flying Machine |
| 13:17 | Flying Machine |
| 14:28 | Flying Machine |
| 14:29 | Flying Machine |
| 14:46 | Mechanical Critter |
| 14:46 | Mechanical Critter |
| 14:52 | Staff of Sanctuary |
| 14:52 | Orb of Fire |
| 16:51 | Flying Machine |
| 16:51 | Flying Machine |
| 16:51 | Flying Machine |
| 16:51 | Flying Machine |
| 16:52 | Flying Machine |
| 16:52 | Flying Machine |
| 16:52 | Flying Machine |
| 16:55 | Steel Plating |
| 17:14 | Scout Tower |
| 17:15 | Scout Tower |
| 17:16 | Scout Tower |
| 17:17 | Scout Tower |
| 17:54 | Cannon Tower |
| 18:07 | Flying Machine |
| 18:23 | Scout Tower |
| 18:24 | Scout Tower |
| 18:24 | Scout Tower |
| 18:25 | Scout Tower |
| 18:42 | Cannon Tower |
| 18:45 | Cannon Tower |
| 18:58 | Cannon Tower |
| 19:02 | Advanced Masonry |
| 19:31 | Bash |
| 19:33 | Holy Light |
| 19:41 | Guard Tower |
| 19:42 | Flying Machine |
| 19:43 | Flying Machine |
| 19:52 | Guard Tower |
| 20:34 | Scroll of Speed |
| 20:38 | Scout Tower |
| 20:39 | Scout Tower |
| 20:40 | Scout Tower |
| 20:41 | Scout Tower |
| 20:41 | Scout Tower |
| 20:42 | Scout Tower |
| 21:04 | Scout Tower |
| 21:18 | Guard Tower |
| 21:51 | Storm Bolt |
| 22:34 | Holy Light |
| 22:34 | Divine Shield |
| Right click | 939 |
| Select group | 490 |
| Select | 326 |
| Build/train/purchase | 101 |
| Misc. action | 58 |
| Use ability | 41 |
| Assign group | 14 |
| Item give/drop | 4 |
| Esc | 2 |
GIGA
(207)
(22:35) : 
| Healing Salve | 4 | 400 |
| Lesser Clarity Potion | 5 | 350 |
| Orb of Lightning | 1 | 375 |
| Circlet of Nobility | 2 | 350 |
| Boots of Speed | 1 | 250 |
| Staff of Teleportation | 1 | 150 |
| Claws of Attack +9 | 1 | 300 |
| total: | 15 | 2175g |
| Peon | 11 | 825 | / | 0 |
| Grunt | 5 | 1000 | / | 0 |
| Demolisher | 1 | 220 | / | 50 |
| Troll Witch Doctor | 3 | 435 | / | 75 |
| total: | 20 | 2480g | / | 125w |
| Watch Tower | 8 | 880 | / | 640 |
| Altar of Storms | 1 | 180 | / | 50 |
| Orc Burrow | 4 | 640 | / | 160 |
| Barracks | 1 | 180 | / | 50 |
| Voodoo Lounge | 1 | 130 | / | 30 |
| War Mill | 1 | 205 | / | 0 |
| Spirit Lodge | 1 | 150 | / | 150 |
| Stronghold | 1 | 315 | / | 190 |
| Fortress | 1 | 325 | / | 190 |
| total: | 17 | 2365g | / | 1080w |
| 0:02 | Peon |
| 0:02 | Peon |
| 0:06 | Altar of Storms |
| 0:09 | Orc Burrow |
| 0:19 | Peon |
| 0:39 | Barracks |
| 0:47 | Peon |
| 0:58 | Peon |
| 1:15 | Peon |
| 1:28 | Orc Burrow |
| 1:30 | Peon |
| 1:46 | Grunt |
| 1:46 | Grunt |
| 2:02 | Voodoo Lounge |
| 2:14 | Wind Walk |
| 2:21 | Peon |
| 2:26 | Grunt |
| 2:39 | Circlet of Nobility |
| 3:01 | Peon |
| 3:01 | Peon |
| 3:34 | Peon |
| 3:35 | Grunt |
| 3:53 | Boots of Speed |
| 3:55 | Circlet of Nobility |
| 4:21 | Critical Strike |
| 5:09 | Stronghold |
| 5:13 | War Mill |
| 5:17 | Healing Salve |
| 5:38 | Grunt |
| 6:14 | Healing Salve |
| 6:21 | Lesser Clarity Potion |
| 6:32 | Watch Tower |
| 6:33 | Watch Tower |
| 6:34 | Watch Tower |
| 6:35 | Watch Tower |
| 7:06 | Wind Walk |
| 7:37 | Orc Burrow |
| 7:39 | Spirit Lodge |
| 8:09 | Reinforced Defenses |
| 8:36 | Lesser Clarity Potion |
| 8:39 | Fortress |
| 9:00 | Demolisher |
| 10:18 | Healing Salve |
| 10:27 | Lesser Clarity Potion |
| 10:42 | Watch Tower |
| 10:43 | Watch Tower |
| 11:10 | Critical Strike |
| 12:29 | Witch Doctor Adept Training |
| 12:29 | Troll Witch Doctor |
| 12:29 | Troll Witch Doctor |
| 12:49 | Lesser Clarity Potion |
| 12:57 | Orb of Lightning |
| 14:08 | Claws of Attack +9 |
| 14:21 | Witch Doctor Master Training |
| 14:22 | Troll Witch Doctor |
| 14:54 | Staff of Teleportation |
| 15:28 | Critical Strike |
| 16:21 | Lesser Clarity Potion |
| 16:26 | Healing Salve |
| 17:08 | Watch Tower |
| 17:10 | Watch Tower |
| 20:41 | Bladestorm |
| 21:01 | Orc Burrow |
| 22:22 | Mirror Image |
| Right click | 1580 |
| Select group | 431 |
| Select | 266 |
| Build/train/purchase | 92 |
| Resource trade | 58 |
| Use ability | 21 |
| Misc. action | 15 |
| Assign group | 14 |
| Item give/drop | 7 |
| Minimap ping | 2 |